Map: Lost and Found LE

Players

Swatopluke

  • Race: Protoss Protoss
  • League: Platinum
  • Spawn Location: 1:00

Ivey - Winner!

  • Race: Zerg Zerg
  • League: Platinum
  • Spawn Location: 7:00

VOD

Have the link to the VOD?

Description

Time

  • Played on: Nov. 13, 2018, 5:27 p.m.
  • Length: 9:16
Show
View Real Time Build Order
Export as new Build Order

Swatopluke Protoss 

Build Orders: Zealot Archon 

Get SALT Encoding   

  12  0:00  Probe  
  13  0:12  Probe  
  14  0:17  Pylon  
  14  0:24  Probe  
  15  0:34  Probe  
  15  0:36  Gateway  
  16  0:43  Probe  
  16  0:48  Assimilator  
  17  0:53  Probe  
  18  1:03  Gateway  
  18  1:05  Probe  
  19  1:17  Probe  
  20  1:23  Cybernetics Core  
  20  1:28  Assimilator  
  20  1:30  Probe  
  21  1:34  Pylon  
  21  1:40  Warp Gate  
  21  1:42  Probe  
  22  1:59  Adept x2  
  26  2:12  Twilight Council  
  26  2:15  Probe  
  27  2:24  Pylon  
  27  2:26  Adept  
  29  2:30  Probe  
  30  2:40  Gateway  
  30  2:42  Adept  
  30  2:43  Probe  
  33  2:55  Resonating Glaives  
  33  2:59  Probe  
  33  3:00  Adept  
  36  3:11  Probe  
  37  3:12  Pylon  
  37  3:45  Templar Archives  
  37  3:50  Probe, Nexus  
  38  4:02  Probe  
  39  4:16  Adept x2  
  39  4:17  Adept  
  43  4:19  Probe  
  36  4:31  Probe  
  36  4:37  High Templar x2  
  41  4:38  Zealot  
  41  4:43  Probe  
  41  4:45  Assimilator  
  44  4:50  Charge  
  44  4:52  Archon  
  44  4:55  Probe  
  45  5:08  Probe  
  45  5:09  Probe  
  45  5:10  Adept x3  
  45  5:12  Assimilator  
  53  5:20  Probe  
  54  5:22  Probe  
  55  5:29  Pylon  
  55  5:32  Probe, Gateway  
  55  5:34  Probe  
  57  5:36  Zealot  
  59  5:44  Probe  
  60  5:52  Psionic Storm  
  60  5:53  Zealot x2  
  64  6:01  Probe x2  
  66  6:13  Probe x2  
  66  6:16  Nexus  
  68  6:22  Zealot  
  70  6:27  Shield Battery  
  70  6:34  Probe  
  49  6:51  High Templar x3  
  55  6:55  Archon  
  53  7:02  Probe x2  
  55  7:10  Gateway  
  55  7:12  Gateway  
  55  7:14  Probe  
  55  7:15  High Templar  
  58  7:20  Archon  
  58  7:25  Probe x2, Robotics Facility  
  58  7:26  Probe  
  61  7:30  High Templar x3  
  66  7:37  Archon, Probe  
  66  7:38  Probe  
  68  7:47  Zealot  
  66  8:03  Zealot x3  
  54  8:14  High Templar  
  54  8:17  Immortal  
  57  8:23  High Templar x2  
  57  8:25  High Templar  
  59  8:34  Archon  
  24  9:06  Zealot  
  24  9:07  Zealot  
Show
View Real Time Build Order
Export as new Build Order

Ivey Zerg - Winner!

Build Orders: Hatch First 

Get SALT Encoding   

  12  0:01  Drone  
  13  0:12  Overlord  
  13  0:17  Drone  
  14  0:31  Drone x2  
  16  0:51  Hatchery  
  16  0:52  Drone  
  16  0:57  Drone  
  16  1:02  Drone  
  18  1:14  Extractor  
  18  1:16  Spawning Pool  
  18  1:17  Drone  
  17  1:22  Drone  
  18  1:28  Drone  
  19  1:39  Drone  
  20  1:49  Overlord  
  20  2:03  Queen x2  
  20  2:04  Zergling x4  
  26  2:11  Drone  
  27  2:26  Drone  
  28  2:34  Metabolic Boost  
  28  2:37  Hatchery  
  28  2:43  Queen  
  29  2:56  Drone  
  29  2:57  Overlord  
  29  2:58  Drone x3  
  31  3:01  Drone  
  34  3:13  Drone x2  
  34  3:17  Drone  
  34  3:19  Drone x3  
  40  3:21  Overlord  
  33  3:48  Drone  
  33  3:49  Drone x4  
  38  3:56  Zergling x2  
  38  3:57  Zergling x8  
  37  4:29  Zergling x18  
  45  4:41  Drone  
  45  4:42  Drone  
  45  4:43  Drone  
  45  4:45  Lair  
  48  4:50  Roach Warren  
  48  4:51  Evolution Chamber  
  46  5:20  Extractor, Drone  
  46  5:21  Drone x4  
  50  5:22  Extractor  
  50  5:23  Drone x3  
  50  5:26  Zerg Missile Weapons Level 1  
  52  5:32  Roach  
  52  5:33  Roach x2  
  52  5:34  Overlord x2  
  52  5:35  Overlord  
  58  5:53  Roach x8  
  58  5:54  Roach  
  58  5:57  Roach  
  78  6:06  Drone x2  
  78  6:07  Extractor, Drone x2  
  78  6:09  Glial Reconstitution  
  63  6:55  Roach x7  
  63  6:56  Roach x2  
  81  7:03  Drone  
  81  7:04  Overlord  
  81  7:05  Overlord x5  
  82  7:22  Queen  
  84  7:41  Drone  
  84  7:42  Drone x12  
  97  7:51  Evolution Chamber  
  82  8:28  Roach x15  
  82  8:29  Roach x4  
Tags
 
Composition
Zealot Archon
Matchup
PvZ
Replay Pack
Swatopluke
Spawn Locations
Cross Positions
Add a new tag
Caveats
  • Supply blocks, unpowered buildings, or Contaminate may cause inaccurate times.
  • Supply counts are checked every 10 seconds.